 Dungeon Crawl Stone Soup version 0.21-a0-142-gdd972a7 (webtiles) character file.

24 Dustbunny the Vexing (level 2, -1/19 HPs)
             Began as a Vampire Enchanter on July 23, 2017.
             Slain by a gnoll
             ... wielding a +0 spear
              (5 damage)
             ... on level 2 of the Dungeon.
             The game lasted 00:03:39 (1092 turns).

Dustbunny the Vexing (Vampire Enchanter)            Turns: 1092, Time: 00:03:40

Health: -1/19      AC:  2    Str:  7    XL:     2   Next: 79%
Magic:  1/5        EV: 13    Int: 17    God:
Gold:   24         SH:  0    Dex: 14    Spells: 2/5 levels left

rFire    . . .     SeeInvis +   a - +1 dagger
rCold    . . .     Gourm    .   (no shield)
rNeg     + . .     Faith    .   b - +0 robe
rPois    .         Spirit   .   (no helmet)
rElec    .         Reflect  .   (no cloak)
rCorr    .         Harm     .   (no gloves)
MR       .....                  (no boots)
Stlth    +++.......             (no amulet)
HPRegen  0.06/turn              (no ring)
MPRegen  0.09/turn              (no ring)

@: no status effects
A: fangs 3, see invisible, unbreathing
a: no special abilities


You were on level 2 of the Dungeon.
You were not thirsty.

You visited 1 branch of the dungeon, and saw 2 of its levels.

You collected 24 gold pieces.

Inventory:

Hand Weapons
 a - a +1 dagger (weapon)
Missiles
 g - 7 arrows
Armour
 b - a +0 robe (worn)
Jewellery
 i - an uncursed ring of fire {unknown}
Scrolls
 d - a scroll of amnesia {unknown}
 h - a scroll of identify {unknown}
 k - a scroll of remove curse {unknown}
Potions
 e - a potion of flight {unknown}
 f - a potion of mutation {unknown}
 j - a potion of cancellation {unknown}
Books
 c - a book of Maledictions

   Spells                             Type                      Level
   a - Corona                         Hexes                        1
   b - Ensorcelled Hibernation        Hexes/Ice                    2
   c - Confuse                        Hexes                        3
   d - Tukima's Dance                 Hexes                        3
   e - Dazzling Spray                 Conjuration/Hexes            3


   Skills:
 + Level 1.2 Short Blades
 + Level 2.3 Dodging
 + Level 4.9 Stealth
 + Level 2.1 Spellcasting
 + Level 5.1 Hexes
 + Level 0.4 Ice Magic


You had 2 spell levels left.
You knew the following spells:

 Your Spells              Type           Power        Failure   Level  Hunger
a - Corona                Hex            ###....      2%          1    #......
b - Ensorcelled Hibernat  Hex/Ice        ##....       10%         2    ###....


Dungeon Overview and Level Annotations

Branches:
Dungeon (2/15)

Altars:
Wu Jian


Innate Abilities, Weirdness & Mutations

You have razor-sharp teeth.
You have supernaturally acute eyesight. (SInv)
You can survive without breathing.


Message History

Casting: Ensorcelled Hibernation
Confirm with . or Enter, or press ? or * to list all spells.
Aiming: Ensorcelled Hibernation
Press: ? - help, Shift-Dir - straight line, f/p - kobold
Aim: a kobold, wielding a short sword (chance to defeat MR: 60%)
The kobold resists with significant effort.
The kobold hits you with a short sword.
The gnoll hits you from afar with a spear.
You closely miss the kobold. The kobold hits you but does no damage.
The gnoll closely misses you.
You hit the kobold but do no damage. The kobold hits you with a short sword.
The gnoll closely misses you.
You hit the kobold.
You kill the kobold!
The gnoll misses you.
The gnoll hits you from afar with a spear.
* * * LOW HITPOINT WARNING * * *
There is a stone staircase leading up here.
The gnoll hits you from afar with a spear.
You die...

##### #..@####
#(..'..#
#.g.##.#
#K#### .# #.
#..)K# .#
##...####g#..#
.........(...#
#(..K...#.##.#
......g...# ..


You could see a gnoll and a kobold.

Vanquished Creatures
  A dart slug (D:1)
  A leopard gecko (D:1)
  A ball python (D:1)
  A giant cockroach (D:1)
  4 goblins (D:1)
  3 hobgoblins (D:1)
  4 bats (D:1)
  5 kobolds
20 creatures vanquished.

Notes
Turn   | Place    | Note
-------+----------+-------------------------------------------
     0 | D:1      | Dustbunny the Vampire Enchanter began the quest for the Orb.
     0 | D:1      | Reached XP level 1. HP: 13/13 MP: 3/3
   170 | D:1      | Reached XP level 2. HP: 14/19 MP: 5/5
   174 | D:1      | Learned a level 2 spell: Ensorcelled Hibernation
   353 | D:1      | Reached skill level 5 in Hexes
  1074 | D:2      | Found an ornate altar of the Wu Jian Council.
  1092 | D:2      | Slain by a gnoll

Vault maps used:
D:1:      minmay_arrival_diagonal_passages
D:2:      lemuel_crystal_altar

Skill      XL: |  1  2 |
---------------+-------+-----
Hexes          | 5 |  5.1
Short Blades   | |  1.2
Dodging        | |  2.3
Stealth        | |  4.9
Spellcasting   | |  2.1
Ice Magic      | |  0.4

Action                   || total
-------------------------++-------
Melee: Dagger            ||    41
       Bite              ||     2
 Cast: Corona            ||     3
       Ensorcelled Hiber ||    17
  Use: Potion            ||     1
 Stab: Sleeping          ||    14
Armor: Robe              ||    12
Dodge: Dodged            ||    58
